 Dungeon Crawl Stone Soup version 0.31-a0-700-gf13585253f (webtiles) character file.

Game seed: 12623041123980249782

100 ytrimaz the Insei (level 4, -2/28 HPs)
             Began as an Octopode Shapeshifter on Sept 7, 2023.
             Slain by a gnoll
             ... wielding a +0 spear
              (5 damage)
             ... on level 2 of the Dungeon.
             The game lasted 00:01:35 (864 turns).

ytrimaz the Insei (Octopode Shapeshifter)            Turns: 864, Time: 00:01:35

Health: -2/28      AC:  1    Str: 13    XL:     4   Next: 73%
Magic:  4/4        EV: 13    Int: 12    God:
Gold:   116        SH:  0    Dex: 13    Spells: 3/3 levels left

rFire   . .          .
                       - Unarmed
rCold   . . .        (no shield)
rNeg    . . .        (helmet currently unavailable)
rPois   .            (no amulet)
rElec   .            (no ring)
rCorr   .            (no ring)
SInv    .            (no ring)
Will    .....        (no ring)
Stlth   ++           (no ring)
HPRegen 0.24/turn    (no ring)
MPRegen 0.09/turn    (no ring)
                     (no ring)

%: no passive effects
@: beast-form, weak-willed
A: beast (slay +2), almost no armour, amphibious, 8 rings, camouflage 1,
gelatinous body 1, (nimble swimmer 1), tentacles
a: Begin Untransformation


You were on level 2 of the Dungeon.
You were a hulking beast.
You visited 1 branch of the dungeon, and saw 2 of its levels.

You collected 116 gold pieces.


Innate Abilities, Weirdness & Mutations

You are a hulking beast.
Your limbs bulge with bestial killing power. (Slay +2)
You cannot wear most types of armour.
You are amphibious.
You can wear up to eight rings at the same time.
Your skin changes colour to match your surroundings (Stealth+).
Your rubbery body absorbs attacks. (AC +1, EV +1)
((You are camouflaged when in or above water. (Stealth+)))
You have tentacles for arms and can constrict up to eight enemies at once.


   Skills:
 - Level 1.0 Fighting
 - Level 2.0 Dodging
 + Level 4.3 Unarmed Combat
 + Level 4.1 Shapeshifting


You had 3 spell levels left.
You didn't know any spells.
Your spell library contained the following spells:

 Spells                   Type           Power      Damage    Failure   Level
 Inner Flame              Hex/Fire       0%         N/A       69%         3
 Flame Wave               Conj/Fire      0%         2d4       97%         4
 Sticky Flame             Conj/Fire      0%         2d3       97%         4

Inventory:

Talismans
 b - a beast talisman (active)
 c - a flux talisman
Scrolls
 d - a scroll of amnesia
 f - a scroll of immolation
 g - 2 scrolls of identify
 h - a scroll of revelation

Dungeon Overview and Level Annotations

Branches:
Dungeon (2/15) Zot: 11140

Altars:

############
#§§§.....#.##
##§######....####
##§g# ##........
##h#.###..........)
#§###....#..>...#..
##.#.###...#......#
##gg# ##.###...#..
#..# #. #...#..
#.g# #. #...##.
#gB# # #...###
..... #. #...# #
.#..#.##.###...###


You could see a gnoll (inner flame, weak-willed).


Message History

Unknown command. 😨 HP[+1]
You smack the gnoll!
The gnoll hits you but does no damage.
You smack the gnoll!
You kill the gnoll!
The gnoll hits you but does no damage.
Your Shapeshifting skill increases to level 4!
You smack the gnoll!
The gnoll barely misses you. The gnoll completely misses you.
Unknown command.
You barely miss the gnoll.
The gnoll hits you but does no damage. x2 😨 HP[+1]
You closely miss the gnoll.
The gnoll hits you but does no damage. x2
You smack the gnoll!
You kill the gnoll!
The gnoll hits you but does no damage.
You closely miss the giant cockroach.
The giant cockroach bites you but does no damage.
The gnoll completely misses you.
Unknown command.
You barely miss the giant cockroach. The giant cockroach bites you.
* * * LOW HITPOINT WARNING * * *
The gnoll hits you from afar with a +0 spear.
* * * LOW HITPOINT WARNING * * *
😨 HP[-5]
You take 5 damage, and now have 11/42 hp.
You closely miss the giant cockroach.
The giant cockroach bites you but does no damage.
The gnoll hits you but does no damage.
Unknown command.
You smack the giant cockroach!
You kill the giant cockroach!
The gnoll hits you but does no damage.
You hit the goblin.
You kill the goblin!
The gnoll hits you but does no damage.
Unknown command.
You cannot move.
You cannot move.
You cannot move.
Unknown command.
The gnoll hits you but does no damage. 😨 HP[+1]
Your transformation is almost over.
The gnoll hits you with a +2 vampiric whip.
* * * LOW HITPOINT WARNING * * *
The gnoll hits you but does no damage.
You closely miss the gnoll. Your punch misses the gnoll.
The gnoll hits you but does no damage. 😱 HP[-2]
You take 2 damage, and now have 10/42 hp.
Unknown command.
You smack the gnoll!
The gnoll hits you from afar with a +0 spear!
* * * LOW HITPOINT WARNING * * *
The gnoll hits you but does no damage. 😱 HP[-7]
You take 7 damage, and now have 3/42 hp.
You smack the gnoll!
You kill the gnoll!
The gnoll hits you but does no damage. 😱 HP[+1] Unknown command.
You cannot move.
As you read the scroll labelled TOMMAP HAZXO, it crumbles to dust.
It is a scroll of amnesia.
You feel forgetful for a moment.
The gnoll hits you from afar with a +0 spear.
* * * LOW HITPOINT WARNING * * *
😱 HP[-1]
You take 1 damage, and now have 3/42 hp.
As you read the scroll labelled JIERIMAQYTH, it crumbles to dust.
Magic quickly surges around you.
It was a scroll of vulnerability.
The gnoll hits you but does no damage.
Unknown command.
As you read the scroll labelled LUAM KAUTE, it crumbles to dust.
The creatures around you are filled with an inner flame!
It was a scroll of immolation.
The gnoll hits you but does no damage.
Unknown command.
As you read the scroll labelled AKE APHIWIFUK, it crumbles to dust.
It is a scroll of identify.
h - a scroll of revelation The gnoll hits you but does no damage. 😱 HP[+1]
The air fills with toxic fumes!
As you read the scroll labelled REERCH OKHLELLE, it crumbles to dust.
It was a scroll of poison.
You feel less wooden.
You turn into a hulking beast.
The gnoll barely misses you. 😱 HP[-1]
You now have 28 max hp (-14).
Unknown command.
Unknown command.
You aren't carrying any potions.
Unknown command.
Unknown command.
Unknown command.
Unknown command.
The gnoll hits you from afar with a +0 spear.
You die...

Skill      XL: |  1  2  3  4 |
---------------+-------------+-----
Unarmed Combat | 4 |  4.3
Shapeshifting  | 4 |  4.1
Fighting       | |  1.0
Dodging        | |  2.0

Action                     |  1- 3 |  4- 6 || total
---------------------------+-------+-------++-------
  Melee: Unarmed           |    60 |    18 ||    78
         Constrict         |    15 |     1 ||    16
         Tentacles         |     8 |       ||     8
         Punch             |     2 |     1 ||     3
    Use: Scroll            |       |     5 ||     5
         Potion            |       |     1 ||     1
   Stab: Sleeping          |     6 |     1 ||     7
 Armour: Skin              |    22 |    31 ||    53
  Dodge: Dodged            |    40 |     7 ||    47

Levels and vault maps discovered:
D:1:      tarquinn_simple_flora_water_d, layout_rooms, minmay_hexomino_p4
D:2:      layout_loops_ring

Notes
Turn   | Place    | Note
-------+----------+-------------------------------------------
     0 | D:1      | ytrimaz the Octopode Shapeshifter began the quest for the
                  | Orb.
     0 | D:1      | Reached XP level 1. HP: 13/13 MP: 1/1
     0 | D:1      | magus.rc [v1.9.6]
    50 | D:1      | Reached XP level 2. HP: 13/18 MP: 2/2
   112 | D:1      | You pick up a book of Flames and begin reading...
   112 | D:1      | You add the spells Inner Flame, Sticky Flame and Flame Wave
                  | to your library.
   232 | D:1      | Reached XP level 3. HP: 23/23 MP: 3/3
   744 | D:2      | Reached XP level 4. HP: 22/28 MP: 4/4
   793 | D:2      | Reached skill level 4 in Unarmed Combat
   845 | D:2      | Reached skill level 4 in Shapeshifting
   855 | D:2      | HP: 10/42 [gnoll/+2 vampiric whip (2)]
   857 | D:2      | HP: 3/42 [gnoll/+0 spear (7)]
   864 | D:2      | Slain by a gnoll

Vanquished Creatures
  3 gnolls (D:2)
  3 adders (D:2)
  2 dart slugs (D:1)
  2 ball pythons (D:1)
  5 endoplasms
  4 giant cockroaches
  3 goblins
  3 hobgoblins (D:1)
  A quokka (D:1)
  4 bats (D:1)
  A frilled lizard (D:1)
  5 kobolds
  4 rats
40 creatures vanquished.

Table legend:
 A = Non-vault XP
 B = Vault XP
 C = Vault XP percentage of total XP
 D = Non-vault monster count
 E = Vault monster count
 F = Vault count percentage of total count
                 A         B        C        D         E       F
            +---------+---------+-------+---------+---------+-------
      Total |     139 |       4 |   2.8 |      37 |       3 |   7.5
            +---------+---------+-------+---------+---------+-------
        D:1 |      41 |       4 |   8.9 |      22 |       3 |  12.0
        D:2 |      98 |       0 |   0.0 |      15 |       0 |   0.0
            +---------+---------+-------+---------+---------+-------

Skill      XL: |  1  2  3  4 |
---------------+-------------+-----
Unarmed Combat | 4 |  4.3
Shapeshifting  | 4 |  4.1
Fighting       | |  1.0
Dodging        | |  2.0

Action                     |  1- 3 |  4- 6 || total
---------------------------+-------+-------++-------
  Melee: Unarmed           |    60 |    18 ||    78
         Constrict         |    15 |     1 ||    16
         Tentacles         |     8 |       ||     8
         Punch             |     2 |     1 ||     3
    Use: Scroll            |       |     5 ||     5
         Potion            |       |     1 ||     1
   Stab: Sleeping          |     6 |     1 ||     7
 Armour: Skin              |    22 |    31 ||    53
  Dodge: Dodged            |    40 |     7 ||    47

Illustrated notes

Table legend:
 A = Kills in this place as a percentage of kills in the entire game.
 B = Kills by you in this place as a percentage of kills by you in the entire game.
 C = Kills by friends in this place as a percentage of kills by friends in the entire game.
 D = Other kills in this place as a percentage of other kills in the entire game.
 E = Experience gained in this place as a percentage of experience gained in the entire game.
 F = Experience gained in this place divided by the number of levels of this place that you have seen.
                   A       B       C       D       E      F
               +-------+-------+-------+-------+-------+----------------------
         Total | 100.0 | 100.0 |   N/A |   N/A | 100.0 |  71.5
       Dungeon | 100.0 | 100.0 |   N/A |   N/A | 100.0 |  71.5
               +-------+-------+-------+-------+-------+----------------------

Table legend: (Time is in decaauts)
 A = Elapsed time spent in this place.
 B = Non-inter-level travel time spent in this place.
 C = Inter-level travel time spent in this place.
 D = Time resting spent in this place.
 E = Time spent auto-exploring this place.
 F = Levels seen in this place.
 G = Mean time per level.
                   A        B        C        D        E       F      G
               +--------+--------+--------+--------+--------+-----+--------+
         Total |    858 |    830 |     28 |      0 |    575 |   2 |  429.0 |
       Dungeon |    858 |    830 |     28 |      0 |    575 |   2 |  429.0 |
               +--------+--------+--------+--------+--------+-----+--------+

Top non-repeatable levels by time:
     D:1: 606 daAuts
     D:2: 252 daAuts
